 Dungeon Crawl Stone Soup version 0.32-a0-986-ga09f62fbf4 (webtiles) character file.

Game seed: 10099708641857781522

1624 protoss039 the Digger (level 8, 0/67 HPs)
             Began as a Demonspawn Earth Elementalist on Apr 21, 2024.
             Slain by an ogre
             ... wielding a +0 giant club
              (15 damage)
             ... on level 4 of the Dungeon.
             The game lasted 00:12:08 (5751 turns).

protoss039 the Digger (DsEE)                        Turns: 5751, Time: 00:12:08

Health: 0/67       AC:  5    Str:  9    XL:     8   Next: 65%
Magic:  1/17       EV: 10    Int: 18    God:
Gold:   57         SH:  0    Dex: 13    Spells: 12/19 levels left

rFire   . . .        b - +1 dagger (venom)
rCold   . . .        (no shield)
rNeg    . . .        l - +0 leather armour
rPois   +            (no helmet)
rElec   .            (no cloak)
rCorr   .            (no gloves)
SInv    .            (no boots)
Will    .....        (no amulet)
Stlth   ++           a - ring of poison resistance
HPRegen 0.31/turn    (no ring)
MPRegen 0.15/turn

%: no passive effects
@: no status effects
A: claws 1, rugged brown scales 2, demonic guardian 1
a: no special abilities


You were on level 4 of the Dungeon.
You visited 1 branch of the dungeon, and saw 5 of its levels.

You collected 225 gold pieces.
You spent 168 gold pieces at shops.

Inventory:

Hand Weapons
 b - a +1 dagger of venom (weapon)
Armour
 l - a +0 leather armour (worn)
Magical Staves
 c - a staff of fire
Jewellery
 a - a ring of poison resistance (left claw)
Wands
 g - a wand of flame (27)
 p - a wand of warping (9)
Scrolls
 d - 3 scrolls of amnesia
 f - 2 scrolls of teleportation {unknown}
 h - 2 scrolls of blinking
 j - a scroll of fog {unknown}
 k - 2 scrolls of revelation
 n - a scroll of identify
Potions
 e - a potion of haste
 i - a potion of heal wounds
 m - 2 potions of brilliance
 o - a potion of enlightenment {unknown}
 q - a potion of magic


   Skills:
 + Level 6.3 Fighting
 - Level 1.7 Dodging
 - Level 1.7 Stealth
 + Level 6.0 Spellcasting
 - Level 1.0 Conjurations
 + Level 6.3 Earth Magic


You had 12 spell levels left.
You knew the following spells:

 Your Spells              Type           Power      Damage    Failure   Level
a - Sandblast             Erth           56%        2d13      1%          1
b - Passwall              Erth           28%        N/A       3%          3
c - Stone Arrow           Conj/Erth      36%        3d9       11%         3

Your spell library contained the following spells:

 Spells                   Type           Power      Damage    Failure   Level
 Magic Dart               Conj           36%        1d4       11%         1
 Blink                    Tloc           10%        N/A       26%         2
 Call Imp                 Summ           10%        N/A       26%         2
 Brom's Barrelling Bould  Conj/Erth      18%        2d4       36%         4
 Petrify                  Alch/Erth      16%        N/A       41%         4


Dungeon Overview and Level Annotations

Branches:
Dungeon (5/15) Zot: 24126  Temple (0/1) D:4

Altars:
Ashenzari
Gozag
Ru

Shops:
D:4 ([*[*


Innate Abilities, Weirdness & Mutations

You have sharp fingernails.
You are mostly covered in rugged brown scales. (AC +2, +5% HP)
A weak demonic guardian rushes to your aid.


Message History

A gnoll bouda comes into view. It is wielding a +0 club.
Unknown command.
You struggle against the net.
The gnoll barely misses you.
Unknown command.
You struggle against the net.
The gnoll hits you with a +0 flail!
The gnoll bouda barks out a call to the hunt!
The gnoll picks up the pace!
You hear a bark!
Unknown command.
You rip the net and break free!
The gnoll barely misses you. The ogre completely misses you.
Unknown command.
The gnoll hits you but does no damage.
You climb upwards.
There is a stone staircase leading down here.
Casting: Sandblast (safe; 1% risk of failure)
Confirm with . or Enter, or press ? or * to list all spells.
Aiming: Stone Arrow (dangerous; 11% risk of failure)
Press: ? - help, Shift-Dir - straight line, f - ogre
Aim: an ogre, wielding a +0 giant club (85% to hit)
The stone arrow hits the ogre!
The ogre is severely wounded.
The ogre hits you with a +0 giant club!!
* * * LOW HITPOINT WARNING * * *
The gnoll hits you with a +0 flail.
* * * LOW HITPOINT WARNING * * *
Casting: Stone Arrow (dangerous; 11% risk of failure)
Confirm with . or Enter, or press ? or * to list all spells.
You don't have enough magic to cast this spell.
Unknown command.
Unknown command.
Casting: Stone Arrow (dangerous; 11% risk of failure)
Confirm with . or Enter, or press ? or * to list all spells.
Aiming: Sandblast (safe; 1% risk of failure)
Press: ? - help, Shift-Dir - straight line, f/p - ogre
Aim: an ogre, wielding a +0 giant club (severely wounded, 92% to hit)
The blast of sand hits the ogre.
The ogre is almost dead.
The gnoll closely misses you. The ogre hits you with a +0 giant club!
You die...

##..)..........#.....##.#........
.....................##.#.....[[.
#.............##.....##.).....))#
#....###......##.#.######.......#
#......#...∩.....#'#### ##.(....'
#....#.#....####......# #.)<[..#
#......#....# #......# #......#
.....###....# #).....# #......#
.....# #....####@†....# #......#
.....# #....##.g÷O....# #......#
.....# #.∩..##.#......# #####.##
..######..#.#.........# #.#
.##...#..##.....♣.....# #.##
.##.>.#..#..♣♣♣♣P♣..P## #..#
.##...##.#PP♣♣♣♣♣♣♣♣..## #.#.
.##.#. #.##..P♣♣P♣♣PPP.# #.#~ .##
. #......PP♣..♣♣.## #.~~


You could see an ogre and a gnoll (swift).

Vanquished Creatures
  Pikel (D:4)
  Sigmund (D:3)
  Menkaure (D:4)
  An ogre (D:4)
  2 black bears
  4 lemures
  A scorpion (D:4)
  2 electric eels (D:3)
  A hound (D:5)
  An orc priest (D:4)
  4 iguanas
  2 orc wizards (D:4)
  Robin (D:3)
  4 gnolls
  6 adders
  10 dart slugs
  2 ribbon worms
  7 orcs
  3 ball pythons
  5 endoplasms
  2 giant cockroaches
  12 goblins
  12 hobgoblins
  6 jackals
  3 quokkas
  6 bats
  6 frilled lizards
  10 kobolds
  7 rats
123 creatures vanquished.

Vanquished Creatures (collateral kills)
  An orc priest (D:3)
  A dart slug (D:4)
  An orc (D:4)
  A goblin (D:4)
  A kobold (D:3)
5 creatures vanquished.

Grand Total: 128 creatures vanquished

Notes
Turn   | Place    | Note
-------+----------+-------------------------------------------
     0 | D:1      | protoss039 the Demonspawn Earth Elementalist began the
                  | quest for the Orb.
     0 | D:1      | Reached XP level 1. HP: 13/13 MP: 3/3
   232 | D:1      | Gained mutation: You are partially covered in rugged brown
                  | scales. (AC +1, +3% HP) [demonic ancestry]
   232 | D:1      | Reached XP level 2. HP: 13/20 MP: 3/5
   264 | D:1      | Found a faded altar of an unknown god.
   361 | D:1      | Reached skill level 1 in Fighting
   620 | D:1      | Gained mutation: A weak demonic guardian rushes to your
                  | aid. [demonic ancestry]
   620 | D:1      | Reached XP level 3. HP: 26/26 MP: 4/6
  1095 | D:1      | Learned a level 3 spell: Passwall
  1099 | D:1      | Learned a level 3 spell: Stone Arrow
  1469 | D:2      | Reached XP level 4. HP: 30/33 MP: 6/8
  1977 | D:3      | Found a broken altar of Ashenzari.
  1987 | D:3      | Noticed a black bear
  2014 | D:3      | Killed a black bear
  2015 | D:3      | Gained mutation: You are mostly covered in rugged brown
                  | scales. (AC +2, +5% HP) [demonic ancestry]
  2015 | D:3      | Reached XP level 5. HP: 35/42 MP: 3/9
  2247 | D:3      | Noticed Sigmund
  2538 | D:3      | Killed Sigmund
  2539 | D:3      | Reached XP level 6. HP: 24/49 MP: 11/11
  2790 | D:3      | Found a transporter.
  2860 | D:3      | Found a transporter.
  3065 | D:3      | Found an opulent altar of Gozag.
  3356 | D:4      | Found a sacrificial altar of Ru.
  3434 | D:4      | Reached XP level 7. HP: 56/56 MP: 1/13
  3540 | D:4      | Found Desudgh's Antique Armour Emporium.
  3543 | D:4      | Noticed Pikel
  3582 | D:4      | Identified the +1 helmet of the Unseen Realm {Will- Str+9
                  | Dex-5 Slay+3}
  3582 | D:4      | Noticed Robin
  3604 | D:3      | Killed Robin
  4597 | D:4      | Killed Pikel
  4598 | D:4      | Reached skill level 5 in Fighting
  4598 | D:4      | Reached skill level 5 in Spellcasting
  4598 | D:4      | Reached skill level 5 in Earth Magic
  4598 | D:4      | Gained mutation: You have sharp fingernails. [demonic
                  | ancestry]
  4598 | D:4      | Reached XP level 8. HP: 38/66 MP: 1/16
  4708 | D:4      | Found Uckij's Assorted Antiques.
  4757 | D:4      | Bought a scroll labelled WOEKKIU POMY for 28 gold pieces
  4757 | D:4      | Bought a potion of heal wounds for 140 gold pieces
  4842 | D:4      | Found Savuwe's Antique Armour Emporium.
  4846 | D:4      | Found Mair's Assorted Antiques.
  4920 | D:4      | Found Xiunes's Antique Weapon Boutique.
  4935 | D:4      | Noticed Menkaure
  4939 | D:4      | Killed Menkaure
  5110 | D:4      | Found a staircase to the Ecumenical Temple.
  5356 | D:5      | Entered Level 5 of the Dungeon
  5751 | D:4      | Slain by an ogre

Illustrated notes

Levels and vault maps discovered:
D:1:      lightli_arrival_windingriver, layout_basic,
          shapermc_ecumenical_altar_gd
D:2:      layout_basic, minmay_between
D:3:      gammafunk_steamed_eel, layout_loops_ring, grunt_gozag_breadcrumbs,
          mainiacjoe_overflow_catwalk_spiral, uniq_sigmund
D:4:      kennysheep_slugbush, layout_basic, mainiacjoe_overflow_brackets,
          minmay_temple_entry_from_below_a, serial_shops, shop, shop, shop,
          shop, shop, serial_forest, infiniplex_forest_corner_2,
          infiniplex_forest_end_3, infiniplex_forest_join,
          infiniplex_forest_lined_room_3, infiniplex_forest_clump_long,
          amcnicky_mini_pool_small, nicolae_elevator_lobby_asterisk, uniq_pikel,
          uniq_robin, uniq_menkaure
D:5:      lemuel_ice_spiral_2, layout_basic, st_stairs_1

Skill      XL: |  1  2  3  4  5  6  7  8 |
---------------+-------------------------+-----
Fighting       | 1 2 3 4 5 6 |  6.3
Earth Magic    | 3 4 5 6 |  6.3
Spellcasting   | 3 4 5 6 |  6.0
Dodging        | |  1.7
Stealth        | |  1.7
Conjurations   | |  1.0

Action                     |  1- 3 |  4- 6 |  7- 9 || total
---------------------------+-------+-------+-------++-------
  Melee: Short sword       |     5 |       |       ||     5
         Dagger            |    32 |    19 |    66 ||   117
         Halberd           |       |    24 |       ||    24
   Cast: Sandblast         |    52 |    49 |    40 ||   141
         Stone Arrow       |       |    12 |    38 ||    50
         Passwall          |       |       |     3 ||     3
    Use: Potion            |       |     4 |     1 ||     5
         Scroll            |       |     2 |     2 ||     4
   Stab: Sleeping          |     6 |     1 |       ||     7
         Distracted        |       |       |     1 ||     1
 Armour: Robe              |    22 |       |       ||    22
         Leather armour    |    25 |    50 |   134 ||   209
  Dodge: Dodged            |    42 |    26 |    79 ||   147

Table legend: (Time is in decaauts)
 A = Elapsed time spent in this place.
 B = Non-inter-level travel time spent in this place.
 C = Inter-level travel time spent in this place.
 D = Time resting spent in this place.
 E = Time spent auto-exploring this place.
 F = Levels seen in this place.
 G = Mean time per level.
                   A        B        C        D        E       F      G
               +--------+--------+--------+--------+--------+-----+--------+
         Total |   5871 |   5527 |    344 |   1031 |   3241 |   5 | 1174.2 |
       Dungeon |   5871 |   5527 |    344 |   1031 |   3241 |   5 | 1174.2 |
               +--------+--------+--------+--------+--------+-----+--------+

Top non-repeatable levels by time:
     D:3: 1948 daAuts
     D:4: 1666 daAuts
     D:1: 1117 daAuts
     D:2: 1012 daAuts
     D:5: 126 daAuts
